 Dungeon Crawl Stone Soup version 0.30-b1-2-g02819fbbbe (webtiles) character file.

Game seed: 1716772743373611978

154 Mesmaeker13 the Caller (level 4, -1/33 HPs)
             Began as a Demigod Summoner on Aug 8, 2023.
             Killed from afar by an orc wizard (8 damage)
             ... with a magic dart
             ... on level 4 of the Dungeon.
             The game lasted 00:06:13 (2864 turns).

Mesmaeker13 the Caller (Demigod Summoner)           Turns: 2864, Time: 00:06:14

Health: -1/33      AC:  2    Str: 14    XL:     4   Next: 89%
Magic:  8/11       EV: 13    Int: 21    God:
Gold:   140        SH:  0    Dex: 14    Spells: 3/9 levels left

rFire   . . .        s - +9 war axe "Ippoba" {vamp, Fly rC+ Str+5 Stlth-}
rCold   + . .        (no shield)
rNeg    . . .        a - +0 robe
rPois   .            (no helmet)
rElec   .            (no cloak)
rCorr   .            (no gloves)
SInv    .            (no boots)
Will    .....        (no amulet)
Stlth   +            (no ring)
HPRegen 0.25/turn    (no ring)
MPRegen 0.12/turn

%: no passive effects
@: flying
A: high MP 1, forlorn, divine attributes
a: no special abilities


You were on level 4 of the Dungeon.
You visited 1 branch of the dungeon, and saw 4 of its levels.

You collected 140 gold pieces.

Inventory:

Hand Weapons
 g - a +2 heavy sling
 s - the +9 war axe "Ippoba" (weapon) {vamp, Fly rC+ Str+5 Stlth-}
   (You found it on level 4 of the Dungeon)

   Str:       It affects your strength (+5).
   rC:        It protects you from cold.
   Fly:       It grants you flight.
   Stlth:     It makes you less stealthy.
Armour
 a - a +0 robe (worn)
Scrolls
 c - a scroll of torment {unknown}
 e - 2 scrolls of teleportation {unknown}
 f - a scroll of magic mapping {unknown}
 i - 2 scrolls of vulnerability {unknown}
 k - a scroll of identify {unknown}
 n - a scroll of enchant armour {unknown}
Potions
 b - a potion of magic
 d - a potion of might {unknown}
 h - 2 potions of brilliance {unknown}
 j - a potion of curing {unknown}
 l - a potion of cancellation {unknown}
 o - a potion of resistance {unknown}
 p - a potion of heal wounds {unknown}
 q - a potion of berserk rage {unknown}
 r - a potion of degeneration {unknown}


   Skills:
 + Level 3.1 Dodging
 - Level 1.7 Stealth
 + Level 3.0 Spellcasting
 + Level 4.5 Summonings


You had 3 spell levels left.
You knew the following spells:

 Your Spells              Type           Power      Damage    Failure   Level
a - Summon Small Mammal   Summ           88%        N/A       1%          1
b - Call Imp              Summ           44%        N/A       3%          2
c - Call Canine Familiar  Summ           22%        N/A       6%          3

Your spell library contained the following spells:

 Spells                   Type           Power      Damage    Failure   Level
 Summon Guardian Golem    Hex/Summ       12%        N/A       16%         3
 Summon Lightning Spire   Summ/Air       12%        N/A       45%         4


Dungeon Overview and Level Annotations

Branches:
Dungeon (4/15)
 Temple: D:4-7

Annotations:
D:3 Sigmund


Innate Abilities, Weirdness & Mutations

You have an increased reservoir of magic. (+10% MP)
You shall have no god before yourself.
Your divine heritage dramatically boosts your attributes as you level up.


Message History

The orc wizard points at you and mumbles some strange words.
You are more confused.
The orc wizard hits you with a +0 dagger.
The orc wizard barely misses you.
The orc wizard mumbles some strange words.
The orc wizard flickers and vanishes!
Deactivating autopickup; reactivate with Ctrl-A.
Something hits you. Something hits you. Something barely misses you.
Something hits you.
You feel less confused.
You hear some strange, mumbled words.
You are confused.
Unknown command.
Something hits you.
You hear some strange, mumbled words.
You are more confused.
You're too confused to move!
Something hits you but does no damage. Something hits you.
Something hits you but does no damage.
You hit something.
You feel better. Something hits you but does no damage. Something hits you.
Something hits you.
You bump into the stone wall.
Something hits you.
You bump into the stone wall.
You feel less confused. Something hits you.
Casting: Call Canine Familiar (dangerous; 6% risk of failure)
Confirm with . or Enter, or press ? or * to list all spells.
Something hits you.
You closely miss something.
You hear some strange, mumbled words.
A puff of flame appears from out of thin air!
The puff of flame hits you!
* * * LOW HITPOINT WARNING * * *
A magic dart appears from out of thin air!
The magic dart hits you!
You die...

#.# #....... ###
#...#.##. ########
#.....##.
##......###........
#........###.#####.
#..)##...# #.# #.
#.{## #..# .. #.
#h.# ..###. #. #.@#
.# #.#####. #..# #
#....... #..#
#.##.... ##.##
#####.##.###
#..####........#
##......###.#..###
#####...........#
##.##..^..#.#
#........#.#


You could see a friendly hound (summoned).

Vanquished Creatures
  An iguana (D:4)
  A worm (D:4)
  4 dart slugs
  3 orcs
  6 bats
  4 endoplasms
  2 giant cockroaches
  3 hobgoblins
  4 jackals (D:1)
  2 kobolds
  A quokka (D:1)
  5 ball pythons
  5 frilled lizards
  7 goblins
  A rat (D:3)
49 creatures vanquished.

Vanquished Creatures (collateral kills)
  An orc wizard (D:3)
  An adder (D:3)
  4 orcs
  3 endoplasms
  2 giant cockroaches
  3 goblins
  A hobgoblin (D:1)
  2 bats (D:1)
  A frilled lizard (D:1)
  4 kobolds
  A rat (D:1)
23 creatures vanquished.

Grand Total: 72 creatures vanquished

Notes
Turn   | Place    | Note
-------+----------+-------------------------------------------
     0 | D:1      | Mesmaeker13 the Demigod Summoner began the quest for the
                  | Orb.
     0 | D:1      | Reached XP level 1. HP: 14/14 MP: 5/5
   343 | D:1      | Reached XP level 2. HP: 16/20 MP: 2/7
   671 | D:1      | Reached XP level 3. HP: 26/26 MP: 9/9
   682 | D:1      | Reached skill level 4 in Summonings
  1102 | D:2      | Learned a level 2 spell: Call Imp
  1365 | D:2      | Identified the +1 short sword of Atef {spect, rN+}
  1861 | D:3      | Learned a level 3 spell: Call Canine Familiar
  2083 | D:3      | Reached XP level 4. HP: 32/33 MP: 5/10
  2234 | D:3      | Noticed Sigmund
  2786 | D:4      | Identified the +9 war axe "Ippoba" {vamp, Fly rC+ Str+5
                  | Stlth-}
  2864 | D:4      | Killed from afar by an orc wizard

Illustrated notes

Levels and vault maps discovered:
D:1:      dpeg_arrival_signposts, layout_loops_ring, minmay_3d_cube
D:2:      layout_loops_ring, serial_rivers, chequers_serial_rivers_room_a,
          chequers_serial_rivers_small_3, chequers_serial_rivers_small_b,
          chequers_serial_rivers_micro_b, chequers_serial_rivers_micro_d,
          chequers_serial_rivers_micro_a
D:3:      layout_basic, mainiacjoe_overflow_small_starburst, uniq_sigmund
D:4:      layout_loops_corners, kennysheep_ying_yang,
          nicolae_hepliaklqana_hippocampus, nemelex_spade_bored_becter,
          nicolae_elevator_lobby_plus

Skill      XL: |  1  2  3  4 |
---------------+-------------+-----
Dodging        | 2 3 |  3.1
Spellcasting   | 2 3 |  3.0
Summonings     | 4 |  4.5
Stealth        | |  1.7

Action                     |  1- 3 |  4- 6 || total
---------------------------+-------+-------++-------
  Melee: Dagger            |    29 |       ||    29
         Mace              |     9 |       ||     9
         War axe           |       |     4 ||     4
   Fire: Sling             |    63 |    25 ||    88
   Cast: Summon Small Mamm |    21 |       ||    21
         Call Canine Famil |     2 |     4 ||     6
         Call Imp          |     1 |       ||     1
   Stab: Sleeping          |     1 |       ||     1
 Armour: Robe              |    22 |     4 ||    26
  Dodge: Dodged            |    83 |    17 ||   100
